[ AOE2 MATCH · #474946641 ]
UnrankedSpanish vs Mongols
[ REPLAY ANALYSIS · EXTRACTED FROM THE RECORDED GAME ]
Feudal
14:42
Castle
18:14
Imperial
32:12
| APM avg | 24.7 |
| APM peak | 53 |
| eAPM avg | 15.4 |
| Villagers / military | 126 / 81 |
Focus
⚔️ 20.1% · 🌾 79.9%
Knight ×69 · Conquistador ×6 · Fishing Ship ×6 · Trebuchet (Packed) ×4 · Monk ×1 · Scout Cavalry ×1
Feudal
18:07
Castle
28:29
Imperial
—
| APM avg | 21.8 |
| APM peak | 48 |
| eAPM avg | 10.5 |
| Villagers / military | 63 / 11 |
Focus
⚔️ 30.2% · 🌾 69.8%
Fishing Ship ×12 · Cavalry Archer ×10 · Unknown (2626) ×6 · Transport Ship ×1
Feudal
14:22
Castle
27:46
Imperial
33:35
| APM avg | 29.2 |
| APM peak | 74 |
| eAPM avg | 15.1 |
| Villagers / military | 61 / 44 |
Focus
⚔️ 24.1% · 🌾 75.9%
Scout Cavalry ×33 · Mangonel ×8 · Fishing Ship ×7 · Militia ×3
Feudal
—
Castle
—
Imperial
—
| APM avg | 1.2 |
| APM peak | 15 |
| eAPM avg | 0.3 |
| Villagers / military | 0 / 0 |
Focus
⚔️ 25.0% · 🌾 75.0%
Feudal
17:07
Castle
32:10
Imperial
—
| APM avg | 24.6 |
| APM peak | 54 |
| eAPM avg | 14.1 |
| Villagers / military | 64 / 61 |
Focus
⚔️ 33.9% · 🌾 66.1%
Militia ×42 · Galley ×15 · Scorpion ×4 · Fishing Ship ×4 · Unknown (2626) ×1
Feudal
14:35
Castle
26:04
Imperial
—
| APM avg | 8.3 |
| APM peak | 20 |
| eAPM avg | 5.4 |
| Villagers / military | 35 / 8 |
Focus
⚔️ 30.4% · 🌾 69.6%
Fishing Ship ×10 · Spearman ×8
Feudal
14:57
Castle
21:15
Imperial
38:33
| APM avg | 29.3 |
| APM peak | 56 |
| eAPM avg | 13.3 |
| Villagers / military | 88 / 47 |
Focus
⚔️ 22.9% · 🌾 77.1%
Magyar Huszar ×29 · Fishing Ship ×11 · Scout Cavalry ×6 · Knight ×3 · Spearman ×2 · Fire Galley ×2
Feudal
15:02
Castle
21:35
Imperial
31:16
| APM avg | 32.0 |
| APM peak | 67 |
| eAPM avg | 17.0 |
| Villagers / military | 90 / 12 |
Focus
⚔️ 16.4% · 🌾 83.6%
Fishing Ship ×25 · Monaspa ×7 · Trebuchet (Packed) ×3 · Monk ×1 · Knight ×1
Match map
Initial resources + every placement click. Lines = walls · curves = elevation contours. ◆ gold · ⬟ stone · ● berries · ✦ relic · ◌ wall gap
Your base· Open — unwalled flank
سلام عليكم Salam Alaiku's base· Open — 4t gap
Alejomc26's base· Open — 5t gap
monongahela's base· Open — unwalled flank
Jhaluck's base· Open — unwalled flank
~~'s base· Open — 5t gap
Mob Psycho 100's base· Open — unwalled flank
Fairy22's base· Open — unwalled flank
Smoothed initial terrain · ◌ = detected wall gap · hover for details
Inputs per minute
— M0rT1nh0 - - سلام عليكم Salam Alaiku
Build order — M0rT1nh0
First 150 of 304 actions detected
| 0:29 | Build | Town Center |
| 0:43 | Build | House |
| 0:46 | Build | Dock |
| 2:53 | Queue | Villager (Male) |
| 2:53 | Queue | Villager (Male) |
| 2:53 | Queue | Villager (Male) |
| 3:15 | Queue | Villager (Male) |
| 3:16 | Queue | Villager (Male) |
| 3:39 | Queue | Villager (Male) |
| 3:39 | Queue | Villager (Male) |
| 4:09 | Queue | Fishing Ship |
| 4:42 | Research | Loom |
| 4:46 | Queue | Fishing Ship |
| 5:01 | Build | House |
| 5:28 | Queue | Villager (Male) |
| 5:28 | Queue | Villager (Male) |
| 6:04 | Queue | Fishing Ship |
| 6:11 | Queue | Villager (Male) |
| 6:43 | Queue | Villager (Male) |
| 6:44 | Queue | Villager (Male) |
| 7:04 | Queue | Fishing Ship |
| 7:06 | Queue | Villager (Male) |
| 7:06 | Queue | Villager (Male) |
| 7:34 | Build | House |
| 7:48 | Queue | Villager (Male) |
| 7:48 | Queue | Villager (Male) |
| 8:09 | Queue | Villager (Male) |
| 8:09 | Queue | Villager (Male) |
| 8:22 | Queue | Villager (Male) |
| 8:42 | Queue | Villager (Male) |
| 8:51 | Queue | Villager (Male) |
| 8:56 | Queue | Fishing Ship |
| 9:14 | Queue | Villager (Male) |
| 9:17 | Build | House |
| 9:25 | Queue | Villager (Male) |
| 11:16 | Build | House |
| 11:21 | Build | Mill |
| 11:23 | Queue | Villager (Male) |
| 11:23 | Queue | Villager (Male) |
| 11:44 | Queue | Villager (Male) |
| 12:17 | Queue | Fishing Ship |
| 12:28 | Research | Feudal Age |
| 12:47 | Build | Mining Camp |
| 12:50 | Queue | Villager (Male) |
| 12:50 | Queue | Villager (Male) |
| 14:42 | Age | Feudal Age |
| 14:46 | Build | Market |
| 14:50 | Build | Blacksmith |
| 15:08 | Build | Lumber Camp |
| 15:34 | Research | Castle Age |
| 15:38 | Research | Double-Bit Axe |
| 15:42 | Research | Horse Collar |
| 15:56 | Build | House |
| 16:32 | Build | Barracks |
| 17:29 | Build | Stable |
| 18:09 | Queue | Villager (Male) |
| 18:09 | Queue | Villager (Male) |
| 18:14 | Age | Castle Age |
| 18:18 | Research | Bow Saw |
| 18:21 | Queue | Scout Cavalry |
| 18:24 | Build | House |
| 18:47 | Research | Heavy Plow |
| 18:47 | Research | Heavy Plow |
| 18:55 | Build | House |
| 19:11 | Queue | Villager (Male) |
| 19:23 | Build | House |
| 19:37 | Queue | Villager (Male) |
| 19:42 | Build | Town Center |
| 19:43 | Queue | Villager (Male) |
| 19:50 | Build | House |
| 20:01 | Queue | Villager (Male) |
| 20:14 | Queue | Villager (Male) |
| 20:16 | Build | House |
| 20:18 | Queue | Villager (Male) |
| 20:32 | Queue | Villager (Male) |
| 20:43 | Build | House |
| 20:44 | Queue | Villager (Male) |
| 20:48 | Build | Town Center |
| 21:03 | Queue | Villager (Male) |
| 21:05 | Queue | Villager (Male) |
| 21:16 | Build | House |
| 21:18 | Build | House |
| 21:22 | Build | House |
| 21:25 | Queue | Villager (Male) |
| 21:29 | Queue | Villager (Male) |
| 21:34 | Queue | Villager (Male) |
| 21:34 | Queue | Villager (Male) |
| 21:35 | Queue | Villager (Male) |
| 21:51 | Build | Town Center |
| 21:53 | Queue | Villager (Male) |
| 21:53 | Queue | Villager (Male) |
| 22:00 | Build | Farm |
| 22:00 | Build | Farm |
| 22:01 | Build | Farm |
| 22:01 | Build | Farm |
| 22:01 | Build | Farm |
| 22:01 | Build | Farm |
| 22:02 | Build | Farm |
| 22:02 | Build | Farm |
| 22:02 | Build | Farm |
| 22:02 | Build | Farm |
| 22:07 | Queue | Villager (Male) |
| 22:13 | Queue | Villager (Male) |
| 22:14 | Queue | Villager (Male) |
| 22:41 | Queue | Villager (Male) |
| 22:55 | Build | Farm |
| 22:56 | Build | Farm |
| 22:56 | Build | Farm |
| 22:56 | Build | Farm |
| 22:56 | Build | Farm |
| 23:14 | Queue | Villager (Male) |
| 23:14 | Queue | Villager (Male) |
| 23:16 | Queue | Villager (Male) |
| 23:25 | Build | Mill |
| 23:30 | Build | Farm |
| 23:31 | Build | Farm |
| 23:31 | Build | Farm |
| 23:31 | Build | Farm |
| 23:39 | Build | Farm |
| 23:49 | Build | Farm |
| 23:50 | Queue | Villager (Male) |
| 23:53 | Queue | Villager (Male) |
| 23:55 | Queue | Villager (Male) |
| 23:55 | Queue | Villager (Male) |
| 24:08 | Queue | Villager (Male) |
| 24:08 | Queue | Villager (Male) |
| 24:10 | Queue | Villager (Male) |
| 24:10 | Queue | Villager (Male) |
| 24:20 | Queue | Villager (Male) |
| 24:20 | Queue | Villager (Male) |
| 24:33 | Build | Lumber Camp |
| 24:36 | Queue | Villager (Male) |
| 24:45 | Queue | Villager (Male) |
| 24:45 | Queue | Villager (Male) |
| 24:50 | Build | Farm |
| 24:51 | Queue | Villager (Male) |
| 24:51 | Queue | Villager (Male) |
| 25:02 | Build | Farm |
| 25:04 | Build | Farm |
| 25:08 | Build | Farm |
| 25:13 | Build | Farm |
| 25:16 | Build | Farm |
| 25:17 | Queue | Villager (Male) |
| 25:20 | Build | Farm |
| 25:23 | Build | Farm |
| 25:24 | Queue | Villager (Male) |
| 25:24 | Queue | Villager (Male) |
| 25:31 | Build | Farm |
| 25:32 | Queue | Villager (Male) |
| 25:32 | Queue | Villager (Male) |
Build order — سلام عليكم Salam Alaiku
First 150 of 195 actions detected
| 0:07 | Build | Dock |
| 0:08 | Build | House |
| 1:27 | Build | Town Center |
| 2:18 | Build | Palisade Wall |
| 2:23 | Build | Palisade Wall |
| 2:33 | Build | Palisade Wall |
| 2:40 | Build | Palisade Wall |
| 4:37 | Build | Palisade Wall |
| 4:41 | Build | Palisade Wall |
| 5:02 | Build | Palisade Wall |
| 5:06 | Build | Palisade Wall |
| 5:14 | Queue | Villager (Male) |
| 5:14 | Queue | Villager (Male) |
| 5:32 | Queue | Villager (Male) |
| 5:51 | Queue | Villager (Male) |
| 6:18 | Queue | Villager (Male) |
| 7:00 | Build | House |
| 7:05 | Queue | Villager (Male) |
| 7:32 | Queue | Fishing Ship |
| 7:39 | Queue | Villager (Male) |
| 7:46 | Build | House |
| 7:58 | Queue | Villager (Male) |
| 8:35 | Queue | Villager (Male) |
| 8:37 | Research | Loom |
| 9:04 | Queue | Fishing Ship |
| 9:08 | Queue | Villager (Male) |
| 9:36 | Queue | Fishing Ship |
| 9:37 | Queue | Villager (Male) |
| 9:48 | Build | Lumber Camp |
| 10:25 | Queue | Transport Ship |
| 10:28 | Queue | Villager (Male) |
| 10:30 | Queue | Villager (Male) |
| 10:41 | Build | House |
| 10:46 | Build | House |
| 10:50 | Queue | Villager (Male) |
| 11:26 | Queue | Villager (Male) |
| 11:33 | Build | House |
| 11:55 | Queue | Villager (Male) |
| 12:08 | Queue | Fishing Ship |
| 12:09 | Queue | Villager (Male) |
| 12:18 | Build | Dock |
| 12:23 | Queue | Villager (Male) |
| 12:39 | Build | Outpost |
| 12:47 | Build | House |
| 12:50 | Build | House |
| 13:00 | Build | Palisade Wall |
| 13:01 | Build | Palisade Wall |
| 13:02 | Build | Palisade Wall |
| 13:04 | Queue | Villager (Male) |
| 13:06 | Queue | Fishing Ship |
| 13:17 | Queue | Villager (Male) |
| 13:30 | Queue | Fishing Ship |
| 14:16 | Queue | Villager (Male) |
| 14:25 | Queue | Villager (Male) |
| 14:29 | Build | Lumber Camp |
| 14:36 | Build | Mining Camp |
| 14:54 | Queue | Villager (Male) |
| 15:32 | Queue | Fishing Ship |
| 15:32 | Queue | Fishing Ship |
| 15:49 | Build | Outpost |
| 15:57 | Research | Feudal Age |
| 16:04 | Build | Mining Camp |
| 16:43 | Queue | Fishing Ship |
| 16:43 | Queue | Fishing Ship |
| 16:55 | Build | Outpost |
| 17:01 | Build | Palisade Wall |
| 17:01 | Build | Palisade Wall |
| 17:02 | Build | Palisade Wall |
| 17:03 | Build | Palisade Wall |
| 18:07 | Age | Feudal Age |
| 18:14 | Build | Watch Tower |
| 18:28 | Queue | Unit 2626 |
| 18:28 | Queue | Unit 2626 |
| 18:43 | Build | Stone Wall |
| 18:44 | Build | Stone Wall |
| 18:45 | Build | Stone Wall |
| 19:56 | Queue | Villager (Male) |
| 20:11 | Queue | Unit 2626 |
| 20:11 | Queue | Unit 2626 |
| 20:29 | Queue | Villager (Male) |
| 20:36 | Queue | Villager (Male) |
| 20:44 | Build | Blacksmith |
| 21:16 | Queue | Unit 2626 |
| 21:16 | Queue | Unit 2626 |
| 21:35 | Queue | Villager (Male) |
| 21:42 | Queue | Villager (Male) |
| 21:46 | Build | Gate |
| 21:53 | Build | Barracks |
| 21:59 | Build | House |
| 22:16 | Queue | Villager (Male) |
| 22:32 | Build | House |
| 22:39 | Build | Dock |
| 22:43 | Research | Tech 906 |
| 22:46 | Queue | Fishing Ship |
| 22:46 | Queue | Fishing Ship |
| 23:13 | Build | Mill |
| 23:38 | Build | House |
| 23:40 | Build | House |
| 23:58 | Build | House |
| 24:33 | Queue | Villager (Male) |
| 24:33 | Queue | Villager (Male) |
| 24:40 | Build | Market |
| 24:44 | Build | Stable |
| 25:02 | Build | Outpost |
| 25:06 | Queue | Villager (Male) |
| 25:38 | Build | Outpost |
| 25:49 | Research | Castle Age |
| 25:49 | Research | Castle Age |
| 26:29 | Build | Outpost |
| 26:38 | Build | Palisade Wall |
| 26:44 | Build | Gate |
| 26:49 | Build | Stone Wall |
| 27:22 | Build | Outpost |
| 27:30 | Queue | Villager (Male) |
| 27:32 | Research | Double-Bit Axe |
| 27:33 | Research | Double-Bit Axe |
| 27:34 | Research | Horse Collar |
| 28:26 | Build | Dock |
| 28:29 | Age | Castle Age |
| 28:42 | Build | Town Center |
| 28:47 | Build | Town Center |
| 29:00 | Research | Fletching |
| 29:01 | Research | Padded Archer Armor |
| 29:04 | Queue | Villager (Male) |
| 29:15 | Build | Town Center |
| 29:18 | Queue | Villager (Male) |
| 29:31 | Research | Town Watch |
| 29:33 | Research | Wheelbarrow |
| 29:58 | Research | Bodkin Arrow |
| 30:02 | Research | Bow Saw |
| 30:16 | Queue | Villager (Male) |
| 30:17 | Queue | Villager (Male) |
| 30:18 | Queue | Villager (Male) |
| 30:38 | Queue | Villager (Male) |
| 30:50 | Queue | Villager (Male) |
| 30:50 | Queue | Villager (Male) |
| 30:50 | Queue | Villager (Male) |
| 31:01 | Queue | Villager (Male) |
| 31:28 | Build | Farm |
| 31:28 | Build | Farm |
| 31:29 | Build | Farm |
| 31:31 | Queue | Villager (Male) |
| 31:36 | Build | Farm |
| 31:37 | Build | Farm |
| 31:37 | Build | Farm |
| 31:37 | Build | Farm |
| 31:37 | Build | Farm |
| 31:38 | Build | Farm |
| 31:40 | Queue | Villager (Male) |
| 31:46 | Queue | Villager (Male) |
Build order — Alejomc26
First 150 of 233 actions detected
| 0:04 | Build | Town Center |
| 1:33 | Build | Dock |
| 1:48 | Build | House |
| 2:31 | Queue | Villager (Male) |
| 2:45 | Queue | Villager (Male) |
| 3:18 | Queue | Villager (Male) |
| 3:31 | Build | House |
| 3:38 | Queue | Villager (Male) |
| 3:51 | Queue | Villager (Male) |
| 4:11 | Queue | Villager (Male) |
| 4:31 | Queue | Villager (Male) |
| 5:13 | Queue | Villager (Male) |
| 5:39 | Queue | Villager (Male) |
| 5:48 | Queue | Villager (Male) |
| 6:35 | Queue | Villager (Male) |
| 6:43 | Build | House |
| 6:45 | Queue | Fishing Ship |
| 6:55 | Queue | Villager (Male) |
| 7:24 | Queue | Fishing Ship |
| 7:26 | Queue | Villager (Male) |
| 7:41 | Queue | Villager (Male) |
| 7:46 | Build | House |
| 8:05 | Queue | Villager (Male) |
| 8:19 | Build | House |
| 8:24 | Queue | Fishing Ship |
| 8:35 | Build | Mill |
| 8:47 | Queue | Villager (Male) |
| 9:00 | Queue | Fishing Ship |
| 9:09 | Queue | Villager (Male) |
| 9:26 | Queue | Villager (Male) |
| 9:33 | Build | Mill |
| 9:35 | Queue | Fishing Ship |
| 9:38 | Queue | Villager (Male) |
| 10:10 | Queue | Fishing Ship |
| 10:12 | Queue | Villager (Male) |
| 10:49 | Queue | Villager (Male) |
| 10:54 | Build | House |
| 10:59 | Queue | Villager (Male) |
| 11:13 | Build | Barracks |
| 11:18 | Queue | Villager (Male) |
| 11:26 | Build | House |
| 11:40 | Queue | Fishing Ship |
| 11:53 | Queue | Villager (Male) |
| 11:57 | Research | Feudal Age |
| 12:21 | Build | Palisade Wall |
| 12:24 | Build | Palisade Wall |
| 12:26 | Build | Palisade Wall |
| 12:51 | Queue | Militia |
| 13:02 | Research | Loom |
| 13:06 | Queue | Militia |
| 13:16 | Build | Mining Camp |
| 13:26 | Build | Mining Camp |
| 13:54 | Build | Palisade Wall |
| 13:56 | Build | Palisade Wall |
| 14:12 | Queue | Villager (Male) |
| 14:15 | Build | Palisade Wall |
| 14:22 | Age | Feudal Age |
| 14:40 | Build | House |
| 14:41 | Build | House |
| 14:51 | Queue | Villager (Male) |
| 15:09 | Build | Lumber Camp |
| 15:12 | Build | House |
| 15:24 | Queue | Villager (Male) |
| 15:31 | Queue | Militia |
| 15:52 | Build | House |
| 15:52 | Queue | Villager (Male) |
| 15:55 | Research | Man-at-Arms (upgrade) |
| 16:01 | Build | Stable |
| 16:19 | Queue | Villager (Male) |
| 16:24 | Research | Double-Bit Axe |
| 16:26 | Build | House |
| 16:28 | Build | House |
| 16:42 | Queue | Villager (Male) |
| 17:00 | Queue | Scout Cavalry |
| 17:12 | Build | Watch Tower |
| 17:16 | Queue | Villager (Male) |
| 17:23 | Queue | Scout Cavalry |
| 17:27 | Build | House |
| 17:29 | Build | House |
| 17:36 | Build | Blacksmith |
| 17:42 | Queue | Villager (Male) |
| 17:57 | Queue | Scout Cavalry |
| 18:01 | Research | Bloodlines |
| 18:06 | Build | Mill |
| 18:08 | Queue | Villager (Male) |
| 18:19 | Queue | Villager (Male) |
| 18:28 | Build | House |
| 18:29 | Build | House |
| 18:33 | Research | Forging |
| 18:33 | Research | Scale Barding Armor |
| 18:48 | Build | Stable |
| 18:54 | Queue | Villager (Male) |
| 19:10 | Queue | Scout Cavalry |
| 19:26 | Build | House |
| 19:27 | Build | House |
| 19:30 | Queue | Villager (Male) |
| 19:33 | Queue | Scout Cavalry |
| 19:52 | Build | Farm |
| 19:53 | Build | Farm |
| 19:54 | Build | Farm |
| 19:55 | Build | Farm |
| 19:59 | Build | Farm |
| 20:03 | Queue | Villager (Male) |
| 20:21 | Queue | Villager (Male) |
| 20:30 | Queue | Villager (Male) |
| 20:42 | Build | House |
| 20:44 | Build | House |
| 20:45 | Queue | Villager (Male) |
| 21:05 | Build | Lumber Camp |
| 21:13 | Queue | Scout Cavalry |
| 21:13 | Queue | Scout Cavalry |
| 21:21 | Build | Farm |
| 21:23 | Build | Farm |
| 21:30 | Queue | Villager (Male) |
| 22:10 | Queue | Villager (Male) |
| 22:34 | Queue | Villager (Male) |
| 22:34 | Queue | Villager (Male) |
| 22:42 | Queue | Scout Cavalry |
| 22:43 | Queue | Scout Cavalry |
| 22:49 | Build | House |
| 22:50 | Build | House |
| 23:03 | Build | Farm |
| 23:04 | Build | Farm |
| 23:05 | Build | Farm |
| 23:06 | Build | Farm |
| 23:19 | Queue | Villager (Male) |
| 23:24 | Build | Mill |
| 23:25 | Build | Farm |
| 23:26 | Build | Farm |
| 23:26 | Build | Farm |
| 23:26 | Build | Farm |
| 23:27 | Build | Farm |
| 23:27 | Build | Farm |
| 23:28 | Queue | Villager (Male) |
| 23:35 | Queue | Scout Cavalry |
| 23:35 | Queue | Scout Cavalry |
| 23:45 | Build | Market |
| 23:52 | Build | House |
| 23:54 | Build | House |
| 23:54 | Build | House |
| 23:58 | Queue | Scout Cavalry |
| 23:58 | Queue | Scout Cavalry |
| 24:10 | Queue | Villager (Male) |
| 24:10 | Queue | Villager (Male) |
| 24:48 | Research | Castle Age |
| 25:34 | Build | House |
| 25:35 | Build | House |
| 26:58 | Build | House |
| 26:59 | Build | House |
| 27:01 | Build | House |
Build order — monongahela
2 actions detected in the replay
| 0:20 | Build | Dock |
| 0:23 | Build | House |
Build order — Jhaluck
First 150 of 230 actions detected
| 1:08 | Build | Town Center |
| 2:56 | Queue | Villager (Male) |
| 2:56 | Queue | Villager (Male) |
| 2:57 | Queue | Villager (Male) |
| 2:57 | Queue | Villager (Male) |
| 2:57 | Queue | Villager (Male) |
| 3:16 | Research | Loom |
| 3:24 | Queue | Villager (Male) |
| 3:24 | Queue | Villager (Male) |
| 3:24 | Queue | Villager (Male) |
| 3:25 | Queue | Villager (Male) |
| 4:01 | Build | Palisade Wall |
| 4:02 | Build | Palisade Wall |
| 4:03 | Build | Palisade Wall |
| 4:04 | Build | Palisade Wall |
| 4:05 | Build | Palisade Wall |
| 4:06 | Build | Palisade Wall |
| 4:06 | Build | Palisade Wall |
| 4:07 | Build | Palisade Wall |
| 4:08 | Build | Palisade Wall |
| 4:09 | Build | Palisade Wall |
| 4:09 | Build | Palisade Wall |
| 4:17 | Build | House |
| 5:22 | Queue | Villager (Male) |
| 5:23 | Queue | Villager (Male) |
| 5:37 | Queue | Villager (Male) |
| 6:13 | Queue | Villager (Male) |
| 6:29 | Build | Dock |
| 6:44 | Queue | Villager (Male) |
| 7:04 | Build | House |
| 7:38 | Queue | Villager (Male) |
| 8:08 | Queue | Villager (Male) |
| 8:11 | Queue | Fishing Ship |
| 8:46 | Queue | Villager (Male) |
| 8:52 | Queue | Fishing Ship |
| 8:57 | Build | House |
| 8:59 | Build | House |
| 9:57 | Queue | Villager (Male) |
| 9:58 | Queue | Villager (Male) |
| 10:08 | Queue | Villager (Male) |
| 10:12 | Queue | Fishing Ship |
| 10:12 | Queue | Fishing Ship |
| 11:26 | Build | Mill |
| 11:34 | Queue | Villager (Male) |
| 11:34 | Queue | Villager (Male) |
| 11:51 | Queue | Villager (Male) |
| 11:55 | Build | House |
| 12:00 | Build | House |
| 12:14 | Queue | Villager (Male) |
| 13:04 | Build | Farm |
| 13:05 | Build | Farm |
| 13:05 | Build | Farm |
| 13:06 | Build | Farm |
| 13:09 | Build | Farm |
| 13:14 | Build | Farm |
| 13:17 | Queue | Villager (Male) |
| 13:17 | Queue | Villager (Male) |
| 13:29 | Queue | Villager (Male) |
| 13:29 | Queue | Villager (Male) |
| 14:21 | Queue | Villager (Male) |
| 14:34 | Build | Lumber Camp |
| 14:45 | Queue | Villager (Male) |
| 14:49 | Research | Feudal Age |
| 14:51 | Queue | Villager (Male) |
| 16:00 | Queue | Villager (Male) |
| 16:01 | Queue | Villager (Male) |
| 16:07 | Build | Mining Camp |
| 16:19 | Build | Barracks |
| 17:03 | Build | Mill |
| 17:07 | Age | Feudal Age |
| 17:15 | Queue | Galley |
| 17:19 | Queue | Villager (Male) |
| 17:28 | Queue | Villager (Male) |
| 17:52 | Queue | Unit 2626 |
| 18:27 | Queue | Galley |
| 18:30 | Build | House |
| 18:32 | Build | House |
| 18:44 | Research | Man-at-Arms (upgrade) |
| 18:58 | Queue | Villager (Male) |
| 19:04 | Build | Blacksmith |
| 20:01 | Queue | Galley |
| 20:02 | Queue | Villager (Male) |
| 20:02 | Queue | Villager (Male) |
| 20:02 | Queue | Villager (Male) |
| 20:27 | Build | Dock |
| 20:29 | Build | Dock |
| 20:48 | Queue | Militia |
| 20:48 | Queue | Militia |
| 20:55 | Queue | Villager (Male) |
| 20:55 | Queue | Villager (Male) |
| 21:08 | Queue | Villager (Male) |
| 21:16 | Build | Blacksmith |
| 21:25 | Build | Lumber Camp |
| 21:27 | Build | Lumber Camp |
| 22:10 | Queue | Villager (Male) |
| 22:10 | Queue | Villager (Male) |
| 22:28 | Build | Farm |
| 22:39 | Research | Double-Bit Axe |
| 23:00 | Build | Watch Tower |
| 23:10 | Queue | Militia |
| 23:26 | Queue | Militia |
| 23:28 | Queue | Militia |
| 23:30 | Queue | Villager (Male) |
| 23:30 | Queue | Villager (Male) |
| 23:31 | Queue | Villager (Male) |
| 23:31 | Queue | Villager (Male) |
| 23:31 | Queue | Villager (Male) |
| 23:38 | Build | Lumber Camp |
| 24:08 | Build | House |
| 24:09 | Build | House |
| 24:10 | Build | House |
| 24:19 | Queue | Galley |
| 24:22 | Queue | Galley |
| 24:22 | Queue | Galley |
| 24:23 | Queue | Galley |
| 24:26 | Build | House |
| 24:27 | Build | House |
| 24:30 | Queue | Villager (Male) |
| 24:34 | Research | Fletching |
| 24:36 | Research | Forging |
| 24:57 | Build | Mill |
| 25:13 | Build | Mill |
| 25:15 | Build | Farm |
| 25:29 | Build | Farm |
| 25:29 | Build | Farm |
| 25:33 | Queue | Galley |
| 25:35 | Queue | Galley |
| 25:39 | Queue | Villager (Male) |
| 25:39 | Queue | Villager (Male) |
| 25:46 | Research | Gold Mining |
| 26:07 | Build | House |
| 26:08 | Build | House |
| 26:09 | Build | House |
| 26:58 | Queue | Villager (Male) |
| 26:59 | Queue | Villager (Male) |
| 26:59 | Queue | Villager (Male) |
| 27:03 | Build | Mill |
| 27:05 | Build | Farm |
| 27:05 | Build | Farm |
| 27:05 | Build | Farm |
| 27:07 | Build | Farm |
| 27:33 | Queue | Galley |
| 27:34 | Queue | Galley |
| 27:35 | Queue | Galley |
| 27:35 | Queue | Galley |
| 27:36 | Queue | Galley |
| 27:37 | Queue | Galley |
| 27:46 | Build | Market |
| 27:50 | Build | Outpost |
| 28:01 | Queue | Militia |
Build order — ~~
80 actions detected in the replay
| 0:48 | Build | Town Center |
| 3:05 | Queue | Villager (Male) |
| 3:06 | Queue | Villager (Male) |
| 3:06 | Queue | Villager (Male) |
| 3:06 | Queue | Villager (Male) |
| 4:13 | Queue | Villager (Male) |
| 5:12 | Queue | Villager (Male) |
| 5:13 | Queue | Villager (Male) |
| 5:57 | Queue | Villager (Male) |
| 5:57 | Queue | Villager (Male) |
| 6:31 | Queue | Villager (Male) |
| 6:55 | Build | Dock |
| 7:15 | Queue | Villager (Male) |
| 7:24 | Queue | Villager (Male) |
| 7:32 | Queue | Fishing Ship |
| 8:08 | Build | Mill |
| 8:11 | Queue | Villager (Male) |
| 8:44 | Queue | Villager (Male) |
| 8:47 | Queue | Fishing Ship |
| 9:11 | Queue | Fishing Ship |
| 9:23 | Queue | Villager (Male) |
| 9:48 | Queue | Villager (Male) |
| 9:52 | Queue | Fishing Ship |
| 9:57 | Queue | Fishing Ship |
| 10:20 | Queue | Villager (Male) |
| 10:23 | Queue | Villager (Male) |
| 10:40 | Queue | Fishing Ship |
| 10:55 | Research | Loom |
| 11:34 | Build | Barracks |
| 12:25 | Research | Feudal Age |
| 12:31 | Queue | Fishing Ship |
| 12:44 | Build | Palisade Wall |
| 13:18 | Queue | Villager (Male) |
| 14:35 | Age | Feudal Age |
| 14:38 | Build | Watch Tower |
| 15:04 | Queue | Villager (Male) |
| 15:04 | Queue | Villager (Male) |
| 15:05 | Queue | Villager (Male) |
| 15:12 | Research | Tech 906 |
| 15:54 | Build | Mining Camp |
| 16:07 | Queue | Villager (Male) |
| 16:07 | Queue | Villager (Male) |
| 16:08 | Queue | Villager (Male) |
| 16:23 | Build | Stone Wall |
| 16:26 | Build | Gate |
| 17:18 | Build | Stone Wall |
| 17:30 | Queue | Villager (Male) |
| 17:42 | Queue | Fishing Ship |
| 17:56 | Queue | Villager (Male) |
| 19:11 | Queue | Villager (Male) |
| 19:12 | Queue | Villager (Male) |
| 19:27 | Build | Stable |
| 19:45 | Build | Stone Wall |
| 19:58 | Build | Stone Wall |
| 20:05 | Queue | Villager (Male) |
| 21:25 | Build | Watch Tower |
| 21:33 | Research | Wheelbarrow |
| 21:37 | Queue | Fishing Ship |
| 22:11 | Build | Blacksmith |
| 22:30 | Build | Stone Wall |
| 22:55 | Queue | Spearman |
| 22:55 | Queue | Spearman |
| 22:55 | Queue | Spearman |
| 23:00 | Research | Forging |
| 23:01 | Research | Scale Mail Armor |
| 23:24 | Research | Castle Age |
| 24:13 | Research | Stone Mining |
| 25:25 | Queue | Spearman |
| 25:25 | Queue | Spearman |
| 25:30 | Queue | Fishing Ship |
| 26:04 | Age | Castle Age |
| 26:29 | Queue | Villager (Male) |
| 26:29 | Queue | Villager (Male) |
| 26:30 | Queue | Villager (Male) |
| 26:30 | Queue | Villager (Male) |
| 26:30 | Queue | Villager (Male) |
| 26:40 | Build | Fish Trap |
| 27:10 | Queue | Spearman |
| 27:10 | Queue | Spearman |
| 28:27 | Queue | Spearman |
Build order — Mob Psycho 100
First 150 of 263 actions detected
| 0:47 | Build | Town Center |
| 3:21 | Queue | Villager (Male) |
| 3:21 | Queue | Villager (Male) |
| 3:26 | Build | House |
| 4:08 | Queue | Villager (Male) |
| 4:25 | Queue | Villager (Male) |
| 4:50 | Build | Dock |
| 5:04 | Queue | Villager (Male) |
| 5:18 | Build | Dock |
| 5:37 | Queue | Villager (Male) |
| 5:37 | Queue | Villager (Male) |
| 5:43 | Build | House |
| 6:08 | Queue | Villager (Male) |
| 6:08 | Queue | Villager (Male) |
| 6:33 | Queue | Villager (Male) |
| 7:02 | Queue | Villager (Male) |
| 7:05 | Queue | Fishing Ship |
| 7:28 | Queue | Villager (Male) |
| 7:49 | Build | House |
| 7:52 | Queue | Villager (Male) |
| 8:23 | Queue | Villager (Male) |
| 8:50 | Queue | Villager (Male) |
| 9:12 | Queue | Villager (Male) |
| 9:48 | Queue | Villager (Male) |
| 9:51 | Queue | Fishing Ship |
| 9:58 | Build | House |
| 10:11 | Queue | Villager (Male) |
| 10:19 | Research | Loom |
| 10:19 | Queue | Villager (Male) |
| 10:33 | Queue | Villager (Male) |
| 10:48 | Queue | Fishing Ship |
| 11:14 | Build | Lumber Camp |
| 11:31 | Queue | Villager (Male) |
| 11:40 | Queue | Fishing Ship |
| 11:40 | Queue | Fishing Ship |
| 11:50 | Build | House |
| 12:04 | Queue | Villager (Male) |
| 12:21 | Build | House |
| 12:35 | Research | Feudal Age |
| 12:36 | Research | Feudal Age |
| 12:46 | Build | Mining Camp |
| 12:53 | Build | Palisade Wall |
| 13:02 | Build | House |
| 13:11 | Queue | Fishing Ship |
| 13:37 | Queue | Fishing Ship |
| 14:32 | Build | Barracks |
| 14:44 | Queue | Villager (Male) |
| 14:57 | Age | Feudal Age |
| 14:59 | Build | Palisade Wall |
| 15:06 | Research | Double-Bit Axe |
| 15:25 | Queue | Villager (Male) |
| 15:33 | Build | Stable |
| 15:38 | Queue | Villager (Male) |
| 15:56 | Queue | Spearman |
| 16:19 | Queue | Spearman |
| 16:26 | Queue | Villager (Male) |
| 16:34 | Queue | Villager (Male) |
| 16:50 | Queue | Demolition Raft |
| 16:54 | Queue | Fishing Ship |
| 16:57 | Queue | Villager (Male) |
| 17:15 | Build | Blacksmith |
| 17:35 | Queue | Fishing Ship |
| 18:03 | Build | Mill |
| 18:20 | Queue | Fishing Ship |
| 18:35 | Research | Castle Age |
| 18:35 | Research | Castle Age |
| 18:47 | Build | Mining Camp |
| 18:56 | Queue | Fishing Ship |
| 19:00 | Build | Dock |
| 19:12 | Queue | Scout Cavalry |
| 19:15 | Build | House |
| 19:16 | Build | House |
| 19:17 | Build | House |
| 19:46 | Queue | Scout Cavalry |
| 20:10 | Build | Farm |
| 20:11 | Build | Farm |
| 20:11 | Build | Farm |
| 20:11 | Build | Farm |
| 20:11 | Build | Farm |
| 20:11 | Build | Farm |
| 20:23 | Queue | Demolition Raft |
| 20:35 | Build | Stone Wall |
| 20:38 | Build | Stone Wall |
| 20:51 | Queue | Scout Cavalry |
| 21:15 | Age | Castle Age |
| 21:17 | Build | Town Center |
| 21:20 | Queue | Villager (Male) |
| 21:20 | Queue | Villager (Male) |
| 21:39 | Queue | Scout Cavalry |
| 21:44 | Queue | Villager (Male) |
| 22:16 | Build | Town Center |
| 22:21 | Queue | Villager (Male) |
| 22:23 | Queue | Villager (Male) |
| 22:39 | Queue | Villager (Male) |
| 22:39 | Queue | Villager (Male) |
| 22:39 | Queue | Villager (Male) |
| 23:03 | Queue | Villager (Male) |
| 23:03 | Queue | Villager (Male) |
| 23:03 | Queue | Villager (Male) |
| 23:03 | Queue | Villager (Male) |
| 23:04 | Queue | Villager (Male) |
| 23:09 | Queue | Villager (Male) |
| 23:09 | Queue | Villager (Male) |
| 23:10 | Queue | Villager (Male) |
| 23:10 | Queue | Villager (Male) |
| 23:57 | Queue | Villager (Male) |
| 23:57 | Queue | Villager (Male) |
| 24:08 | Queue | Knight |
| 24:30 | Build | Siege Workshop |
| 24:37 | Queue | Villager (Male) |
| 24:37 | Queue | Villager (Male) |
| 24:42 | Build | Farm |
| 24:42 | Build | Farm |
| 24:42 | Build | Farm |
| 24:42 | Build | Farm |
| 24:42 | Build | Farm |
| 24:44 | Build | Farm |
| 24:58 | Build | House |
| 24:59 | Build | House |
| 24:59 | Build | House |
| 24:59 | Build | House |
| 24:59 | Build | House |
| 24:59 | Build | House |
| 25:00 | Build | House |
| 25:01 | Build | House |
| 25:07 | Build | House |
| 25:07 | Build | House |
| 25:07 | Build | House |
| 25:08 | Build | House |
| 25:14 | Queue | Villager (Male) |
| 25:15 | Queue | Villager (Male) |
| 25:15 | Queue | Villager (Male) |
| 25:15 | Queue | Villager (Male) |
| 25:16 | Queue | Villager (Male) |
| 25:42 | Queue | Battering Ram |
| 25:48 | Queue | Knight |
| 25:50 | Research | Scale Barding Armor |
| 26:08 | Build | Siege Workshop |
| 26:29 | Queue | Villager (Male) |
| 26:30 | Queue | Villager (Male) |
| 26:30 | Queue | Villager (Male) |
| 26:30 | Queue | Villager (Male) |
| 26:31 | Queue | Villager (Male) |
| 26:36 | Queue | Battering Ram |
| 26:55 | Build | Market |
| 26:58 | Queue | Villager (Male) |
| 26:59 | Queue | Villager (Male) |
| 26:59 | Queue | Villager (Male) |
| 26:59 | Queue | Villager (Male) |
| 26:59 | Queue | Villager (Male) |
Build order — Fairy22
First 150 of 245 actions detected
| 0:27 | Build | Town Center |
| 0:40 | Build | Dock |
| 0:51 | Build | House |
| 2:27 | Build | Palisade Wall |
| 2:28 | Build | Palisade Wall |
| 2:30 | Build | Palisade Wall |
| 2:31 | Build | Palisade Wall |
| 2:54 | Queue | Villager (Male) |
| 2:54 | Queue | Villager (Male) |
| 2:54 | Queue | Villager (Male) |
| 2:55 | Queue | Villager (Male) |
| 2:55 | Queue | Villager (Male) |
| 4:51 | Build | Palisade Wall |
| 4:53 | Build | Palisade Wall |
| 4:57 | Build | Palisade Wall |
| 5:10 | Queue | Villager (Male) |
| 5:10 | Queue | Villager (Male) |
| 5:15 | Build | House |
| 5:16 | Build | House |
| 5:47 | Research | Loom |
| 6:11 | Queue | Villager (Male) |
| 6:11 | Queue | Villager (Male) |
| 6:11 | Queue | Villager (Male) |
| 6:20 | Queue | Villager (Male) |
| 6:20 | Queue | Villager (Male) |
| 7:48 | Queue | Villager (Male) |
| 7:48 | Queue | Villager (Male) |
| 7:48 | Queue | Villager (Male) |
| 7:49 | Queue | Villager (Male) |
| 7:50 | Queue | Villager (Male) |
| 8:01 | Queue | Villager (Male) |
| 8:01 | Queue | Villager (Male) |
| 8:39 | Build | Dock |
| 8:59 | Queue | Villager (Male) |
| 9:00 | Queue | Villager (Male) |
| 9:11 | Queue | Villager (Male) |
| 9:12 | Queue | Villager (Male) |
| 9:13 | Queue | Villager (Male) |
| 9:13 | Queue | Villager (Male) |
| 9:13 | Queue | Villager (Male) |
| 9:37 | Queue | Villager (Male) |
| 9:38 | Queue | Fishing Ship |
| 9:39 | Queue | Fishing Ship |
| 9:46 | Queue | Villager (Male) |
| 9:46 | Queue | Villager (Male) |
| 9:47 | Queue | Villager (Male) |
| 10:06 | Queue | Villager (Male) |
| 10:07 | Queue | Villager (Male) |
| 10:09 | Queue | Villager (Male) |
| 10:09 | Queue | Villager (Male) |
| 10:30 | Queue | Fishing Ship |
| 10:30 | Queue | Fishing Ship |
| 10:32 | Queue | Villager (Male) |
| 10:32 | Queue | Villager (Male) |
| 10:35 | Build | House |
| 10:36 | Build | House |
| 10:43 | Queue | Villager (Male) |
| 10:44 | Queue | Villager (Male) |
| 11:05 | Queue | Villager (Male) |
| 11:05 | Queue | Villager (Male) |
| 11:18 | Build | Palisade Wall |
| 11:19 | Build | Palisade Wall |
| 11:20 | Build | Palisade Wall |
| 11:29 | Queue | Fishing Ship |
| 11:49 | Queue | Villager (Male) |
| 11:49 | Queue | Villager (Male) |
| 11:58 | Queue | Villager (Male) |
| 12:13 | Build | Mill |
| 12:15 | Queue | Villager (Male) |
| 12:16 | Queue | Villager (Male) |
| 12:16 | Queue | Villager (Male) |
| 12:16 | Queue | Villager (Male) |
| 12:40 | Research | Feudal Age |
| 13:07 | Build | Mule Cart |
| 13:17 | Queue | Villager (Male) |
| 13:17 | Queue | Villager (Male) |
| 13:18 | Queue | Villager (Male) |
| 13:18 | Queue | Villager (Male) |
| 13:18 | Queue | Villager (Male) |
| 13:22 | Queue | Fishing Ship |
| 13:22 | Queue | Fishing Ship |
| 13:46 | Queue | Villager (Male) |
| 13:46 | Queue | Villager (Male) |
| 13:47 | Queue | Villager (Male) |
| 14:31 | Build | House |
| 14:33 | Build | House |
| 14:33 | Build | House |
| 14:40 | Queue | Fishing Ship |
| 14:44 | Queue | Fishing Ship |
| 15:02 | Age | Feudal Age |
| 15:08 | Research | Double-Bit Axe |
| 15:19 | Build | Watch Tower |
| 15:30 | Build | Watch Tower |
| 15:38 | Queue | Fishing Ship |
| 15:42 | Queue | Fishing Ship |
| 16:09 | Queue | Fishing Ship |
| 16:20 | Build | House |
| 16:21 | Build | Palisade Wall |
| 16:28 | Build | Palisade Wall |
| 16:42 | Build | Dock |
| 16:48 | Build | House |
| 16:53 | Build | Palisade Wall |
| 16:59 | Queue | Villager (Male) |
| 17:24 | Build | Market |
| 17:30 | Queue | Villager (Male) |
| 17:45 | Build | Blacksmith |
| 17:46 | Queue | Villager (Male) |
| 18:18 | Build | Mill |
| 18:26 | Build | Palisade Wall |
| 18:30 | Queue | Villager (Male) |
| 18:37 | Queue | Fishing Ship |
| 18:40 | Queue | Fishing Ship |
| 18:44 | Queue | Fishing Ship |
| 18:49 | Research | Castle Age |
| 19:14 | Research | Tech 906 |
| 19:18 | Queue | Fishing Ship |
| 19:39 | Build | Palisade Wall |
| 19:41 | Build | Palisade Wall |
| 19:42 | Build | Palisade Wall |
| 20:15 | Queue | Fishing Ship |
| 20:16 | Queue | Fishing Ship |
| 20:19 | Queue | Fishing Ship |
| 20:19 | Queue | Fishing Ship |
| 20:27 | Queue | Fishing Ship |
| 20:27 | Queue | Fishing Ship |
| 20:28 | Queue | Fishing Ship |
| 21:02 | Queue | Villager (Male) |
| 21:13 | Build | House |
| 21:13 | Build | House |
| 21:14 | Build | House |
| 21:15 | Build | House |
| 21:35 | Age | Castle Age |
| 21:36 | Research | Bow Saw |
| 21:36 | Research | Bow Saw |
| 21:47 | Build | Barracks |
| 21:51 | Queue | Villager (Male) |
| 21:54 | Research | Wheelbarrow |
| 22:13 | Build | Monastery |
| 22:26 | Queue | Villager (Male) |
| 22:31 | Build | Mule Cart |
| 22:44 | Queue | Monk |
| 23:00 | Queue | Fishing Ship |
| 23:01 | Queue | Fishing Ship |
| 23:25 | Build | House |
| 23:26 | Build | House |
| 23:28 | Build | House |
| 23:30 | Queue | Villager (Male) |
| 23:43 | Build | Stable |
| 24:08 | Queue | Villager (Male) |
| 24:21 | Build | Town Center |
Match timeline
| 0:07 | سلام عليكم Salam Alaiku · first_building Dock |
| 0:20 | monongahela · first_building Dock |
| 0:40 | Fairy22 · first_building Dock |
| 0:46 | M0rT1nh0 · first_building Dock |
| 1:33 | Alejomc26 · first_building Dock |
| 2:18 | سلام عليكم Salam Alaiku · wall_segment Palisade Wall x1 |
| 2:23 | سلام عليكم Salam Alaiku · wall_segment Palisade Wall x1 |
| 2:27 | Fairy22 · wall_segment Palisade Wall x1 |
| 2:28 | Fairy22 · wall_segment Palisade Wall x1 |
| 2:30 | Fairy22 · wall_segment Palisade Wall x1 |
| 2:31 | Fairy22 · wall_segment Palisade Wall x1 |
| 2:33 | سلام عليكم Salam Alaiku · wall_segment Palisade Wall x1 |
| 2:40 | سلام عليكم Salam Alaiku · wall_segment Palisade Wall x1 |
| 4:01 | Jhaluck · wall_segment Palisade Wall x1 |
| 4:02 | Jhaluck · wall_segment Palisade Wall x1 |
| 4:03 | Jhaluck · wall_segment Palisade Wall x1 |
| 4:04 | Jhaluck · wall_segment Palisade Wall x1 |
| 4:05 | Jhaluck · wall_segment Palisade Wall x1 |
| 4:06 | Jhaluck · wall_segment Palisade Wall x1 |
| 4:06 | Jhaluck · wall_segment Palisade Wall x1 |
| 4:07 | Jhaluck · wall_segment Palisade Wall x1 |
| 4:08 | Jhaluck · wall_segment Palisade Wall x1 |
| 4:09 | Jhaluck · wall_segment Palisade Wall x1 |
| 4:09 | Jhaluck · wall_segment Palisade Wall x1 |
| 4:37 | سلام عليكم Salam Alaiku · wall_segment Palisade Wall x1 |
| 4:41 | سلام عليكم Salam Alaiku · wall_segment Palisade Wall x1 |
| 4:50 | Mob Psycho 100 · first_building Dock |
| 4:51 | Fairy22 · wall_segment Palisade Wall x1 |
| 4:53 | Fairy22 · wall_segment Palisade Wall x1 |
| 4:57 | Fairy22 · wall_segment Palisade Wall x1 |
| 5:02 | سلام عليكم Salam Alaiku · wall_segment Palisade Wall x1 |
| 5:06 | سلام عليكم Salam Alaiku · wall_segment Palisade Wall x1 |
| 6:29 | Jhaluck · first_building Dock |
| 6:55 | ~~ · first_building Dock |
| 11:13 | Alejomc26 · first_building Barracks |
| 11:18 | Fairy22 · wall_segment Palisade Wall x1 |
| 11:19 | Fairy22 · wall_segment Palisade Wall x1 |
| 11:20 | Fairy22 · wall_segment Palisade Wall x1 |
| 11:34 | ~~ · first_building Barracks |
| 12:21 | Alejomc26 · wall_segment Palisade Wall x1 |
| 12:24 | Alejomc26 · wall_segment Palisade Wall x1 |
| 12:26 | Alejomc26 · wall_segment Palisade Wall x1 |
| 12:44 | ~~ · wall_segment Palisade Wall x4 |
| 12:53 | Mob Psycho 100 · wall_segment Palisade Wall x1 |
| 13:00 | سلام عليكم Salam Alaiku · wall_segment Palisade Wall x5 |
| 13:01 | سلام عليكم Salam Alaiku · wall_segment Palisade Wall x4 |
| 13:02 | سلام عليكم Salam Alaiku · wall_segment Palisade Wall x3 |
| 13:54 | Alejomc26 · wall_segment Palisade Wall x1 |
| 13:56 | Alejomc26 · wall_segment Palisade Wall x1 |
| 14:15 | Alejomc26 · wall_segment Palisade Wall x1 |
| 14:22 | Alejomc26 · age_up feudal |
| 14:32 | Mob Psycho 100 · first_building Barracks |
| 14:35 | ~~ · age_up feudal |
| 14:42 | M0rT1nh0 · age_up feudal |
| 14:57 | Mob Psycho 100 · age_up feudal |
| 14:59 | Mob Psycho 100 · wall_segment Palisade Wall x9 |
| 15:02 | Fairy22 · age_up feudal |
| 15:33 | Mob Psycho 100 · first_building Stable |
| 16:01 | Alejomc26 · first_building Stable |
| 16:19 | Jhaluck · first_building Barracks |
| 16:21 | Fairy22 · wall_segment Palisade Wall x1 |
| 16:23 | ~~ · wall_segment Stone Wall x6 |
| 16:28 | Fairy22 · wall_segment Palisade Wall x8 |
| 16:32 | M0rT1nh0 · first_building Barracks |
| 16:53 | Fairy22 · wall_segment Palisade Wall x6 |
| 17:01 | سلام عليكم Salam Alaiku · wall_segment Palisade Wall x1 |
| 17:01 | سلام عليكم Salam Alaiku · wall_segment Palisade Wall x1 |
| 17:02 | سلام عليكم Salam Alaiku · wall_segment Palisade Wall x1 |
| 17:03 | سلام عليكم Salam Alaiku · wall_segment Palisade Wall x1 |
| 17:07 | Jhaluck · age_up feudal |
| 17:18 | ~~ · wall_segment Stone Wall x4 |
| 17:29 | M0rT1nh0 · first_building Stable |
| 18:07 | سلام عليكم Salam Alaiku · age_up feudal |
| 18:14 | M0rT1nh0 · age_up castle |
| 18:26 | Fairy22 · wall_segment Palisade Wall x6 |
| 18:43 | سلام عليكم Salam Alaiku · wall_segment Stone Wall x1 |
| 18:44 | سلام عليكم Salam Alaiku · wall_segment Stone Wall x1 |
| 18:45 | سلام عليكم Salam Alaiku · wall_segment Stone Wall x1 |
| 19:27 | ~~ · first_building Stable |
| 19:39 | Fairy22 · wall_segment Palisade Wall x1 |
| 19:41 | Fairy22 · wall_segment Palisade Wall x1 |
| 19:42 | Fairy22 · wall_segment Palisade Wall x1 |
| 19:45 | ~~ · wall_segment Stone Wall x6 |
| 19:58 | ~~ · wall_segment Stone Wall x4 |
| 20:35 | Mob Psycho 100 · wall_segment Stone Wall x10 |
| 20:38 | Mob Psycho 100 · wall_segment Stone Wall x6 |
| 21:15 | Mob Psycho 100 · age_up castle |
| 21:35 | Fairy22 · age_up castle |
| 21:47 | Fairy22 · first_building Barracks |
| 21:53 | سلام عليكم Salam Alaiku · first_building Barracks |
| 22:13 | Fairy22 · first_building Monastery |
| 22:30 | ~~ · wall_segment Stone Wall x13 |
| 23:43 | Fairy22 · first_building Stable |
| 24:30 | Mob Psycho 100 · first_building Siege Workshop |
| 24:43 | Alejomc26 · first_market_buy 100 food |
| 24:44 | سلام عليكم Salam Alaiku · first_building Stable |
| 26:04 | ~~ · age_up castle |
| 26:38 | سلام عليكم Salam Alaiku · wall_segment Palisade Wall x3 |
| 26:47 | Fairy22 · first_market_sell 100 wood |
| 26:49 | سلام عليكم Salam Alaiku · wall_segment Stone Wall x7 |
| 27:00 | M0rT1nh0 · first_building Monastery |
| 27:40 | Mob Psycho 100 · first_building Castle |
| 27:46 | Alejomc26 · age_up castle |
| 28:10 | Alejomc26 · first_building Siege Workshop |
| 28:27 | Fairy22 · first_market_buy 100 stone |
| 28:29 | سلام عليكم Salam Alaiku · age_up castle |
| 28:33 | Fairy22 · first_building Castle |
| 28:44 | ~~ · resign |
| 29:05 | Alejomc26 · first_market_sell 500 wood |
| 29:11 | M0rT1nh0 · first_building Castle |
| 31:16 | Fairy22 · age_up imperial |
| 31:47 | Mob Psycho 100 · first_market_buy 100 stone |
| 31:56 | سلام عليكم Salam Alaiku · first_building Archery Range |
| 32:10 | Jhaluck · age_up castle |
| 32:12 | M0rT1nh0 · age_up imperial |
| 32:40 | سلام عليكم Salam Alaiku · first_market_buy 100 food |
| 32:56 | سلام عليكم Salam Alaiku · first_building Castle |
| 33:35 | Alejomc26 · age_up imperial |
| 35:08 | Jhaluck · first_building Siege Workshop |
| 35:11 | سلام عليكم Salam Alaiku · wall_segment Stone Wall x1 |
| 35:20 | Mob Psycho 100 · first_market_sell 100 stone |
| 38:23 | سلام عليكم Salam Alaiku · wall_segment Stone Wall x1 |
| 38:31 | سلام عليكم Salam Alaiku · wall_segment Stone Wall x1 |
| 38:33 | Mob Psycho 100 · age_up imperial |
| 38:34 | سلام عليكم Salam Alaiku · wall_segment Stone Wall x1 |
| 38:36 | سلام عليكم Salam Alaiku · wall_segment Stone Wall x1 |
| 38:39 | سلام عليكم Salam Alaiku · wall_segment Stone Wall x1 |
| 38:48 | سلام عليكم Salam Alaiku · wall_segment Stone Wall x1 |
| 38:50 | سلام عليكم Salam Alaiku · wall_segment Stone Wall x1 |
[ AI ANALYSIS · 1 CREDIT ]
What really happened in this match?
Wolo.gg analyzes every decision: build order, eco, micro, common mistakes by bracket. Personalized analysis on WhatsApp or Discord in 30 seconds.
Civ guide
Spanish
Perfil
Jugador #217530